 Dungeon Crawl Stone Soup version 0.21.1-1-g345015f (webtiles) character file.

96 troglodite the Skirmisher (level 4, -2/37 HPs)
             Began as a Demonspawn Berserker on May 4, 2018.
             Was a Believer of Trog.
             Slain by a goblin
             ... wielding a +0 club
              (6 damage)
             ... on level 2 of the Dungeon.
             The game lasted 00:04:55 (1451 turns).

troglodite the Skirmisher (Demonspawn Berserker)    Turns: 1451, Time: 00:04:56

Health: -2/37      AC:  2    Str: 18    XL:     4   Next: 41%
Magic:  4/4        EV: 13    Int:  8    God:    Trog [**....]
Gold:   48         SH:  0    Dex: 13    Spells: 3/3 levels left

rFire    . . .     SeeInvis .   a - +0 falchion
rCold    . . .     Gourm    .   (no shield)
rNeg     . . .     Faith    .   b - +0 animal skin
rPois    .         Spirit   .   (no helmet)
rElec    .         Reflect  .   (no cloak)
rCorr    .         Harm     .   (no gloves)
MR       +++..                  (no boots)
Stlth    ++........             (no amulet)
HPRegen  1.12/turn              d - ring of protection from magic
MPRegen  0.09/turn              (no ring)

@: lethally poisoned (-2 -> -2), berserk cooldown, regenerating, slowed, very
slow
A: nightstalker 1, powered by pain 1
a: Berserk, Trog's Hand, Burn Spellbooks, Renounce Religion


You were on level 2 of the Dungeon.
You worshipped Trog.
Trog was pleased with you.
You were near starving.

You visited 1 branch of the dungeon, and saw 2 of its levels.

You collected 48 gold pieces.

Inventory:

Hand Weapons
 a - a +0 falchion (weapon)
Armour
 b - a +0 animal skin (worn)
Jewellery
 d - a ring of protection from magic (left hand)
Scrolls
 e - 2 scrolls of remove curse {unknown}
 f - 3 scrolls of identify {unknown}
 h - a scroll of enchant armour {unknown}
Potions
 g - a potion of curing {unknown}
Comestibles
 c - 4 rations


   Skills:
 * Level 3.9 Fighting
 + Level 3.3 Long Blades
 * Level 2.2 Armour
 * Level 2.4 Dodging
 + Level 0.2 Stealth


You had 3 spell levels left.
You didn't know any spells.

Dungeon Overview and Level Annotations

Branches:
Dungeon (2/15)

Altars:
Xom


Innate Abilities, Weirdness & Mutations

You are slightly more attuned to the shadows.
You sometimes gain a little power by taking damage.


Message History

* * * LOW HITPOINT WARNING * * *
You feel very sick.
Unknown command.
Your skin crawls.
You feel resistant to hostile enchantments.
You are near starving!
You feel sick.
A goblin comes into view. It is wielding a club.
You feel sick.
The goblin shouts!
Things that are here:
a short sword of venom; a kobold corpse You feel sick.
You feel the effects of Trog's Hand fading.
You feel sick. The goblin misses you.
You feel sick. The goblin barely misses you.
You feel sick. The goblin hits you with a club.
* * * LOW HITPOINT WARNING * * *
The goblin hits you with a club.
You die...

##.#..##.#.♣≈≈≈.♣.≈#......######
......##.##♣♣..^..###...........
......##..##.#...## #....#######
......##...###.###....#.##
##.#..##....(..+ ....#.#
......##.......# .. #.#
......#######.## ##'## ......#
###.########...# ......#
#.^.).@....#...# ......#
#......g...#...# ......#
#..........#...# ......#
#..........#...# ####
......#######.########...#.....
............#.# #####.##..##.
.<..........#.. ..............
....##......############.######
....##.......................#


You could see a goblin.

Vanquished Creatures
  A scorpion (D:2)
  An ooze (D:2)
  A worm (D:2)
  3 dart slugs
  A leopard gecko (D:1)
  A ball python (D:1)
  2 giant cockroaches (D:2)
  A goblin (D:1)
  3 hobgoblins (D:1)
  4 bats (D:1)
  3 frilled lizards (D:1)
  5 kobolds
  3 rats (D:1)
29 creatures vanquished.

Vanquished Creatures (others)
  A kobold (D:2)
1 creature vanquished.

Grand Total: 30 creatures vanquished

Notes
Turn   | Place    | Note
-------+----------+-------------------------------------------
     0 | D:1      | troglodite the Demonspawn Berserker began the quest for the Orb.
     0 | D:1      | Reached XP level 1. HP: 18/18 MP: 1/1
   187 | D:1      | Gained mutation: You sometimes gain a little power by taking damage. [demonic ancestry]
   187 | D:1      | Reached XP level 2. HP: 24/24 MP: 2/2
   731 | D:2      | Reached ** piety under Trog
   735 | D:2      | Gained mutation: You are slightly more attuned to the shadows. [demonic ancestry]
   735 | D:2      | Reached XP level 3. HP: 19/29 MP: 3/3
  1368 | D:2      | Found a shimmering altar of Xom.
  1423 | D:2      | Noticed a scorpion
  1434 | D:2      | Killed a scorpion
  1434 | D:2      | Reached XP level 4. HP: 37/37 MP: 4/4
  1451 | D:2      | Slain by a goblin

Skill      XL: |  1  2 |
---------------+-------+-----
Dodging        | 2 |  2.4
Armour         | 2 |  2.2
Long Blades    | 3 |  3.3
Fighting       | |  3.9
Stealth        | |  0.2

Action                   |  1- 3 |  4- 6 || total
-------------------------+-------+-------++-------
Melee: Falchion          |    67 |     4 ||    71
Invok: Berserk           |     3 |       ||     3
       Trog's Hand       |       |     1 ||     1
 Stab: Sleeping          |     1 |       ||     1
  Eat: Chunk             |     3 |       ||     3
Armor: Animal skin       |    19 |       ||    19
Dodge: Dodged            |    50 |     6 ||    56
       Rpst.: Falchion   |    16 |       ||    16
